 Dungeon Crawl Stone Soup version 0.30-a0-691-g754fce4c43 (webtiles) character file.

Game seed: 5274540485507376098

188 Newt the Poker (level 5, 0/38 HPs)
             Began as a Demonspawn Gladiator on Jan 19, 2023.
             Slain by Pikel
             ... wielding a +0 whip of flaming
              (3 damage)
             ... on level 3 of the Dungeon.
             The game lasted 00:03:21 (3388 turns).

Newt the Poker (Demonspawn Gladiator)               Turns: 3388, Time: 00:03:22

Health: 0/38       AC:  6    Str: 21    XL:     5   Next: 39%
Magic:  5/5        EV: 12    Int:  8    God:
Gold:   106        SH:  0    Dex: 13    Spells: 4/4 levels left

rFire   . . .      SeeInvis .    p - +8 trident of the Octopus King {venom, rElec rPois}
rCold   . . .      Faith    .    (no shield)
rNeg    . . .      Spirit   .    b - +0 leather armour
rPois   +          Reflect  .    c - +0 helmet
rElec   +          Harm     .    (no cloak)
rCorr   .          Rampage  .    (no gloves)
Will    .....                    (no boots)
Stlth   ++                       (no amulet)
HPRegen 0.26/turn                (no ring)
MPRegen 0.09/turn                (no ring)

@: attractive
A: thin metallic scales 1, powered by pain 1, demonic magic 1, strong 1,
MP-powered wands
a: no special abilities


You were on level 3 of the Dungeon.
You visited 1 branch of the dungeon, and saw 4 of its levels.

You collected 106 gold pieces.

Inventory:

Hand Weapons
 a - a +1 rapier
 p - the +8 trident of the Octopus King (weapon) {venom, rElec rPois}
   (You found it on level 2 of the Dungeon)

   rElec:     It insulates you from electricity.
   rPois:     It protects you from poison.
Missiles
 d - a throwing net (quivered)
 e - a javelin
 f - 4 poisoned darts
Armour
 b - a +0 leather armour (worn)
 c - a +0 helmet (worn)
Scrolls
 g - a scroll of amnesia
 k - 2 scrolls of vulnerability
 n - a scroll of identify
Potions
 h - a potion of mutation
 i - a potion of curing {unknown}
 j - a potion of degeneration {unknown}
 l - a potion of invisibility {unknown}
 m - a potion of flight {unknown}
 o - a potion of heal wounds {unknown}
 q - a potion of attraction


   Skills:
 - Level 2.0 Fighting
 - Level 2.6 Short Blades
 + Level 3.7 Polearms
 - Level 1.7 Throwing
 - Level 2.6 Dodging
 - Level 3.0 Stealth


You had 4 spell levels left.
You didn't know any spells.
Your spell library was empty.

Dungeon Overview and Level Annotations

Branches:
Dungeon (4/15)
 Temple: D:4-7

Altars:
Trog
Xom

Shops:
D:1 :

Annotations:
D:3 Pikel


Innate Abilities, Weirdness & Mutations

You are partially covered in thin metallic scales. (AC +2)
You sometimes gain a little power by taking damage.
Spells you cast may paralyse adjacent enemies.
Your muscles are strong. (Str +4, Int/Dex -1)
You expend magic power (3 MP) to strengthen your wands.


Message History

The lemure barely misses you. The lemure attacks as you move away!
The lemure hits you but does no damage.
Pikel says, "I just want to get paid!"
Reach: p) +8 trident of the Octopus King {venom, rElec rPois}
Press: ? - help, Dir - move target, f - Pikel
Aim: Pikel, wielding a +0 whip of flaming and wearing a +0 robe (about 39% to evade the +8 trident of the Octopus King)
The lemure is in the way.
You hit the lemure.
The lemure is moderately wounded.
The lemure hits you.
Reach: p) +8 trident of the Octopus King {venom, rElec rPois}
Press: ? - help, Dir - move target, f/p - Pikel
Aim: Pikel, wielding a +0 whip of flaming and wearing a +0 robe (about 39% to evade the +8 trident of the Octopus King)
You reach to attack!
You puncture Pikel!
Pikel is poisoned.
Pikel is lightly wounded.
The lemure hits you but does no damage.
You hit Pikel.
Pikel looks as sick as possible!
Pikel is moderately wounded.
Pikel hits you with a +0 whip of flaming.
* * * LOW HITPOINT WARNING * * *
Pikel burns you.
* * * LOW HITPOINT WARNING * * *
Throw: 3 throwing nets
Press: ? - help, Q - select action, (/) - cycle Shift-Dir - straight line, f/p - Pikel
Aim: Pikel, wielding a +0 whip of flaming and wearing a +0 robe (moderately wounded, extremely poisoned, 50% to hit)
You throw a throwing net. The throwing net barely misses Pikel.
The throwing net barely misses the lemure.
Pikel misses you.
Throw: 2 throwing nets
Press: ? - help, Q - select action, (/) - cycle Shift-Dir - straight line, f/p - Pikel
Aim: Pikel, wielding a +0 whip of flaming and wearing a +0 robe (moderately wounded, extremely poisoned, 50% to hit)
You throw a throwing net. The throwing net closely misses Pikel.
The throwing net barely misses the lemure.
Pikel hits you with a +0 whip of flaming.
* * * LOW HITPOINT WARNING * * *
Pikel burns you.
* * * LOW HITPOINT WARNING * * *
It was a potion of attraction.
You feel attractive to monsters.
Pikel hits you with a +0 whip of flaming.
You die...

#.#####.#######.....#
#.##.....<.........##
#.##.##.#########.##
#.#.#.#.# #.#
#.......# #.#
#.#.#.#.# ##'##
##.....## ##...##
##.#.### ##..<..#
##@##.## ##.......
#K#...####......รท.
###5..>....'........
##........###........
#.......#.# ##.......
#..#.##.#.# ##.....#
#..#(...#.# ##...##
#..###..#.# ##+##
#..###..#.# #.#


You could see Pikel (very poisoned) and a lemure.

Vanquished Creatures
  2 lemures (D:3)
  An orc priest (D:3)
  An orc wizard (D:3)
  4 adders
  A worm (D:2)
  A dart slug (D:3)
  3 orcs
  16 ball pythons
  8 endoplasms
  3 giant cockroaches
  9 goblins
  8 hobgoblins
  3 jackals (D:2)
  7 kobolds
  4 quokkas
  8 bats
  A frilled lizard (D:3)
  5 rats
85 creatures vanquished.

Vanquished Creatures (others)
  3 fungi (D:3)
3 creatures vanquished.

Grand Total: 88 creatures vanquished

Notes
Turn   | Place    | Note
-------+----------+-------------------------------------------
     0 | D:1      | Newt the Demonspawn Gladiator began the quest for the Orb.
     0 | D:1      | Reached XP level 1. HP: 16/16 MP: 1/1
    20 | D:1      | Reached skill level 1 in Stealth
   127 | D:1      | Gained mutation: You sometimes gain a little power by
                  | taking damage. [demonic ancestry]
   127 | D:1      | Reached XP level 2. HP: 16/22 MP: 2/2
   331 | D:1      | Found Zij Udy's Book Boutique.
   437 | D:1      | You fall into a shaft and drop 1 floor!
   651 | D:2      | Reached XP level 3. HP: 11/27 MP: 3/3
  1220 | D:2      | Found the +8 trident of the Octopus King {venom, rElec
                  | rPois}
  1328 | D:2      | Reached skill level 1 in Polearms
  1603 | D:2      | Gained mutation: Spells you cast may paralyse adjacent
                  | enemies. [demonic ancestry]
  1603 | D:2      | Reached XP level 4. HP: 33/33 MP: 4/4
  1853 | D:3      | Gained mutation: You expend magic power (3 MP) to
                  | strengthen your wands. [potion of mutation]
  1853 | D:3      | Gained mutation: Your muscles are strong. (Str +4, Int/Dex
                  | -1) [potion of mutation]
  2154 | D:3      | Gained mutation: You are partially covered in thin metallic
                  | scales. (AC +2) [demonic ancestry]
  2154 | D:3      | Reached XP level 5. HP: 32/38 MP: 5/5
  2706 | D:3      | Found a bloodstained altar of Trog.
  2707 | D:3      | Found a shimmering altar of Xom.
  3054 | D:4      | Noticed a lemure
  3055 | D:4      | Noticed a lemure
  3055 | D:4      | Noticed a lemure
  3055 | D:4      | Noticed a lemure
  3057 | D:4      | Noticed Pikel
  3068 | D:3      | Killed a lemure
  3074 | D:3      | Killed a lemure
  3388 | D:3      | Slain by Pikel

Illustrated notes

Levels and vault maps discovered:
D:1:      spicycebolla_arrival_clurvy, layout_basic, serial_shops, shop
D:2:      layout_basic
D:3:      layout_loops_corners, gammafunk_temple_overflow_claw,
          minmay_shallow_snake_nest
D:4:      layout_rooms, serial_shops, nicolae_shop_bloodbath_and_beyond,
          uniq_duvessa, uniq_edmund, uniq_pikel, uniq_menkaure

Skill      XL: |  1  2  3  4 |
---------------+-------------+-----
Stealth        | 1 2 3 |  3.0
Polearms       | 1 3 |  3.7
Fighting       | |  2.0
Short Blades   | |  2.6
Throwing       | |  1.7
Dodging        | |  2.6

Action                   |  1- 3 |  4- 6 || total
-------------------------+-------+-------++-------
Melee: Rapier            |    91 |       ||    91
       Punch             |     1 |       ||     1
       Trident           |    24 |    74 ||    98
Throw: Throwing net      |     2 |     2 ||     4
  Use: Scroll            |     6 |     2 ||     8
       Potion            |       |     2 ||     2
 Stab: Sleeping          |     8 |     8 ||    16
       Distracted        |       |     2 ||     2
Armor: Leather armour    |    40 |    13 ||    53
Dodge: Dodged            |    76 |    22 ||    98

Table legend: (Time is in decaauts)
 A = Elapsed time spent in this place.
 B = Non-inter-level travel time spent in this place.
 C = Inter-level travel time spent in this place.
 D = Time resting spent in this place.
 E = Time spent auto-exploring this place.
 F = Levels seen in this place.
 G = Mean time per level.
                   A        B        C        D        E       F      G
               +--------+--------+--------+--------+--------+-----+--------+
         Total |   3413 |   3320 |     93 |    873 |   1923 |   4 |  853.2 |
       Dungeon |   3413 |   3320 |     93 |    873 |   1923 |   4 |  853.2 |
               +--------+--------+--------+--------+--------+-----+--------+

Top non-repeatable levels by time:
     D:3: 1400 daAuts
     D:2: 1130 daAuts
     D:1: 715 daAuts
     D:4: 167 daAuts
